AoeStats
← tonytctang

Pilgrims

508605759Analyzed
4v4 RM · 8d ago on Sep 23, 2026· 26m 38s· 8 players
Game mode
Random Map
Map size
Large (8 player)
Population
200
Speed
Normal
Resources
Standard
Victory
Conquest
Starting age
Dark Age
Ending age
Imperial Age
RankedLock teamsTeams togetherTeam positionsShared explorationLock speedFull tech treeHidden civsTurbo modeCheats
Victory
Defeat
🇸🇰 Japanese · Slovakia
1468
+10
🇩🇪 Italians · Germany
1266
+19
🇭🇰 Huns · Hong Kong SAR China
1208
+20
🇭🇰 Britons · Hong Kong SAR China
1204
+21
🇭🇰 Spanish · Hong Kong SAR China
1358
-19
🇩🇪 Persians · Germany
1354
-19
🇭🇰 Italians · Hong Kong SAR China
1341
-18
🇯🇵 Saxons · Japan
1243
-14
Maya
4:58 Loom
11:49 Feudal Age
12:39 Double-Bit Axe
15:31 Horse Collar
19:08 Castle Age
17:23 Fletching
明征北大将军
6:25 Loom
10:58 Feudal Age
Tsunade
5:25 Loom
13:28 Feudal Age
13:47 Fishing Lines
17:14 Castle Age
15:15 Double-Bit Axe
15:13 Horse Collar
17:07 Fletching
17:54 Medium Warships
17:46 Bodkin Arrow
19:10 Town Watch
19:57 Ballistics
20:29 Clinker Construction
22:08 Careening
27:09 Wheelbarrow
动车的车头
4:07 Loom
13:48 Feudal Age
tonytctang
5:50 Loom
12:41 Feudal Age
13:46 Fishing Lines
14:13 Double-Bit Axe
14:11 Horse Collar
14:24 Gold Mining
19:45 Castle Age
19:53 Stone Mining
20:23 Bloodlines
20:25 Forging
20:21 Scale Barding Armor
20:53 Bow Saw
21:21 Gillnets
22:15 Wheelbarrow
23:21 Gold Shaft Mining
23:23 Medium Warships
23:32 Husbandry
25:19 Hand Cart
24:49 Town Watch
25:56 Fletching
26:06 Padded Archer Armor
26:42 Iron Casting
26:08 Scale Mail Armor
26:28 Chain Barding Armor
kit7292001
8:26 Loom
10:09 Loom
12:41 Feudal Age
18:19 Wheelbarrow
22:35 Castle Age
20:28 Double-Bit Axe
21:20 Fishing Lines
24:23 Fletching
27:24 Medium Warships
27:08 Gillnets
Rado the Yellow
8:04 Loom
12:02 Feudal Age
15:39 Castle Age
13:34 Double-Bit Axe
16:37 Bow Saw
18:21 Fletching
19:03 Bodkin Arrow
20:29 Ballistics
20:12 Husbandry
21:28 Bloodlines
22:49 Thumb Ring
25:08 Wheelbarrow
24:43 Padded Archer Armor
26:28 Leather Archer Armor
egenem17
5:28 Loom
11:42 Feudal Age
12:35 Double-Bit Axe
17:02 Castle Age
14:56 Fletching
15:25 Fishing Lines
18:11 Gillnets
18:33 Medium Warships
18:19 Bodkin Arrow
18:35 Bow Saw
18:39 Horse Collar
20:35 Heavy Plow
24:49 Ballistics
26:00 Careening
26:29 Gold Mining
Connection lost

Rejoining the realm…

Still unreachable

The connection could not be restored.

Session expired

The server has moved on; the page needs a fresh start.